 Dungeon Crawl Stone Soup version 0.21-a0-480-g5da0f0d (webtiles) character file.

9030 vladimirx the Basher (level 11, 0/91 HPs)
             Began as a Minotaur Berserker on Nov 22, 2017.
             Was a High Priest of Trog.
             Slain by an orc warrior
             ... wielding a +0 trident
             ... led by an orc knight
              (14 damage)
             ... on level 2 of the Orcish Mines on Nov 23, 2017.
             The game lasted 00:15:42 (10258 turns).

vladimirx the Basher (Minotaur Berserker)          Turns: 10258, Time: 00:15:44

Health: 0/91       AC: 12    Str: 30    XL:     11   Next: 17%
Magic:  10/10      EV: 13    Int:  4    God:    Trog [*****.]
Gold:   845        SH:  0    Dex: 10    Spells: 10/10 levels left

rFire    + . .     SeeInvis .   f - +0 morningstar
rCold    . . .     Gourm    .   (no shield)
rNeg     . . .     Faith    .   k - +1 scale mail {rF+}
rPois    .         Spirit   .   (helmet restricted)
rElec    .         Reflect  .   B - +0 cloak
rCorr    .         Harm     .   (no gloves)
MR       .....                  (no boots)
Stlth    ..........             (no amulet)
HPRegen  0.25/turn              E - +2 ring of evasion
MPRegen  0.12/turn              r - +5 ring of strength

@: berserk cooldown, starving, slowed, very slow
A: retaliatory headbutt, horns 2
a: Berserk, Trog's Hand, Brothers in Arms, Burn Spellbooks, Renounce Religion


You were on level 2 of the Orcish Mines.
You worshipped Trog.
Trog was extremely pleased with you.
You were starving.

You visited 2 branches of the dungeon, and saw 11 of its levels.

You collected 845 gold pieces.

Inventory:

Hand Weapons
 a - a +0 mace
 b - a +3 whip of venom
 f - a +0 morningstar (weapon)
 h - a +0 flail
 L - a +2 whip of freezing
 T - a +1 scimitar of flaming
Missiles
 e - 280 stones
 N - 4 javelins (quivered)
 Q - a throwing net
 U - 6 tomahawks
Armour
 k - a +1 scale mail of fire resistance (worn)
 n - a +0 plate armour
 B - a +0 cloak (worn)
 V - a +2 ring mail of magic resistance
 W - a +0 chain mail
Jewellery
 i - an uncursed ring of protection from cold
 m - an uncursed ring of ice
 r - a +5 ring of strength (right hand)
 v - a +3 ring of intelligence
 A - an uncursed amulet of harm
 E - a +2 ring of evasion (left hand)
Wands
 z - a wand of iceblast (13)
 M - a wand of paralysis (20)
 O - a wand of enslavement (7)
Scrolls
 d - 7 scrolls of identify
 o - 3 scrolls of immolation
 q - 7 scrolls of teleportation
 s - a scroll of blinking {unknown}
 u - 7 scrolls of remove curse
 x - a scroll of random uselessness {unknown}
 y - 2 scrolls of enchant weapon
 C - a scroll of enchant armour {unknown}
 J - a scroll of noise {unknown}
 K - a scroll of magic mapping {unknown}
 R - a scroll of silence {unknown}
Potions
 j - 3 potions of flight
 p - 3 potions of lignification
 t - 2 potions of might
 w - 2 potions of heal wounds
 D - 3 potions of ambrosia {unknown}
 F - a potion of curing
 G - 2 potions of brilliance
 H - a potion of haste {unknown}
 P - a potion of resistance
 S - 3 potions of degeneration {unknown}
Comestibles
 c - 9 bread rations
 g - 3 fruits
 l - 6 meat rations
 I - 5 royal jellies


   Skills:
 + Level 6.4 Fighting
 - Level 14.8 Maces & Flails
 + Level 1.7 Throwing
 + Level 12.7 Armour
 - Level 2.4 Dodging
 + Level 1.1 Stealth


You had 10 spell levels left.
You didn't know any spells.

Dungeon Overview and Level Annotations

Branches:
Dungeon (9/15)             Temple (0/1) D:7             Orc (2/2) D:9
   Lair: D:8-11         Elf: Orc:2

Altars:
Cheibriados
Gozag
Sif Muna
Vehumet
Yredelemnul
Beogh


Innate Abilities, Weirdness & Mutations

You reflexively headbutt those who attack you in melee.
You have a pair of horns on your head.


Message History

The orc warrior is lightly wounded.
The orc warrior hits you with a short sword of speed!!
* * * LOW HITPOINT WARNING * * *
The orc hits you but does no damage. The orc warrior barely misses you.
The orc warrior hits you with a short sword of speed!
* * * LOW HITPOINT WARNING * * *
Okay, then.
You feel much better. The orc hits you but does no damage.
The orc warrior hits you with a short sword of speed!
* * * LOW HITPOINT WARNING * * *
The orc warrior hits you but does no damage.
Unknown command.
Your two-headed ogre goes berserk!
You are starving!
The orc warrior no longer looks unusually strong.
The orc hits you but does no damage.
The orc warrior hits you with a short sword of speed.
* * * LOW HITPOINT WARNING * * *
The orc warrior hits you from afar with a trident!
You die...

.....
#..#.........###...
....##.............###..
#........... #........
##........# ##.......
#.........# ###........
###......####.##.......
#.#o.....##..........
###Ooo...............
##@...........##...
#............####.
###.........## ##
##........# # #.#.....##
# ###....## ##..## #.##
###


You could see 2 orc warriors, an orc and a friendly two-headed ogre (berserk).

Vanquished Creatures
  Erica (D:8)
  A two-headed ogre (D:8)
  2 orc knights
  Pikel (D:6)
  Psyche (D:9)
  2 trolls
  A hornet (D:8)
  3 hippogriffs (D:8)
  5 wraiths (D:7)
  A yak (D:7)
  Eustachio (D:6)
  3 hogs (D:7)
  A human (D:7)
  Duvessa (D:6)
  An ice beast (D:5)
  4 orc warriors
  7 ogres
  4 phantoms
  A centaur (D:8)
  3 bullfrogs
  Dowan (D:6)
  A wyvern skeleton (D:5)
  3 scorpions
  6 killer bees (D:7)
  A howler monkey (D:7)
  A bullfrog zombie (D:5)
  An iron imp (D:9)
  4 hounds
  5 orc priests
  2 jellies
  Crazy Yiuf (D:4)
  3 centaur skeletons (D:7)
  6 orc wizards
  Ijyb (D:5)
  4 worker ants
  A hound skeleton (D:9)
  Robin (D:4)
  A worker ant zombie (D:5)
  6 adders
  A shadow imp (D:6)
  An ooze (D:1)
  An adder zombie (D:9)
  2 worms (D:3)
  A dart slug (D:1)
  4 leopard geckos
  36 orcs
  4 giant cockroaches
  15 goblins
  13 hobgoblins
  6 kobolds
  A quokka (D:2)
  9 bats
  7 frilled lizards
  2 giant cockroach zombies (D:5)
  A jackal skeleton (D:5)
  A quokka skeleton (D:8)
  12 rats
210 creatures vanquished.

Vanquished Creatures (collateral kills)
  A warg (Orc:1)
  An ogre (Orc:1)
2 creatures vanquished.

Vanquished Creatures (others)
  A slave (D:6)
1 creature vanquished.

Grand Total: 213 creatures vanquished

Notes
Turn   | Place    | Note
-------+----------+-------------------------------------------
     0 | D:1      | vladimirx the Minotaur Berserker began the quest for the Orb.
     0 | D:1      | Reached XP level 1. HP: 19/19 MP: 0/0
   225 | D:1      | Reached skill level 4 in Maces & Flails
   270 | D:1      | Reached XP level 2. HP: 21/27 MP: 1/1
   808 | D:2      | Reached ** piety under Trog
   871 | D:2      | Reached XP level 3. HP: 33/33 MP: 2/2
  1251 | D:2      | Reached skill level 5 in Maces & Flails
  1312 | D:2      | Reached XP level 4. HP: 40/41 MP: 3/3
  1613 | D:3      | Reached *** piety under Trog
  2050 | D:3      | Reached XP level 5. HP: 47/47 MP: 4/4
  2060 | D:3      | Reached skill level 6 in Maces & Flails
  2416 | D:4      | Noticed an ogre
  2422 | D:4      | Killed an ogre
  2642 | D:4      | Noticed Robin
  2659 | D:4      | Killed Robin
  2659 | D:4      | Reached skill level 7 in Maces & Flails
  3155 | D:4      | Found a roughly hewn altar of Beogh.
  3164 | D:4      | Reached XP level 6. HP: 45/53 MP: 5/5
  3387 | D:4      | Found a runed door.
  3617 | D:4      | Noticed Crazy Yiuf
  3621 | D:4      | Killed Crazy Yiuf
  3662 | D:5      | Entered Level 5 of the Dungeon
  3675 | D:5      | Reached skill level 8 in Maces & Flails
  3900 | D:5      | Reached XP level 7. HP: 48/60 MP: 6/6
  4045 | D:5      | Reached skill level 9 in Maces & Flails
  4045 | D:5      | Reached skill level 5 in Armour
  4561 | D:5      | Reached **** piety under Trog
  4561 | D:5      | Reached skill level 10 in Maces & Flails
  4561 | D:5      | Reached XP level 8. HP: 65/67 MP: 7/7
  4869 | D:5      | Noticed Ijyb
  4876 | D:5      | Killed Ijyb
  5156 | D:6      | Noticed Eustachio
  5166 | D:6      | Killed Eustachio
  5170 | D:6      | Found an opulent altar of Gozag.
  5190 | D:6      | Noticed Pikel
  5212 | D:6      | Killed Pikel
  5212 | D:6      | Reached skill level 11 in Maces & Flails
  5528 | D:6      | Noticed Duvessa
  5529 | D:6      | Noticed Dowan
  5532 | D:6      | Killed Duvessa
  5536 | D:6      | Killed Dowan
  5536 | D:6      | Reached XP level 9. HP: 72/72 MP: 8/8
  6000 | D:7      | Reached skill level 12 in Maces & Flails
  6377 | D:7      | Found the +5 scythe "Finisher" {speed, Str+3}
  6441 | D:7      | Reached skill level 13 in Maces & Flails
  6585 | D:7      | Reached skill level 10 in Armour
  6843 | D:7      | Found a staircase to the Ecumenical Temple.
  6890 | D:7      | Found a radiant altar of Vehumet.
  7014 | D:7      | Reached XP level 10. HP: 79/80 MP: 9/9
  7605 | D:8      | Noticed a two-headed ogre
  7621 | D:8      | Killed a two-headed ogre
  7621 | D:8      | Reached skill level 14 in Maces & Flails
  7695 | D:8      | Noticed Erica
  7705 | D:8      | Killed Erica
  7706 | D:8      | Reached ***** piety under Trog
  8115 | D:8      | Found a basalt altar of Yredelemnul.
  8618 | D:9      | Found a staircase to the Orcish Mines.
  8741 | D:9      | Found a deep blue altar of Sif Muna.
  8915 | D:9      | Noticed Psyche
  8921 | D:9      | Killed Psyche
  8921 | D:9      | Reached skill level 5 in Fighting
  9304 | D:9      | Found a snail-covered altar of Cheibriados.
  9314 | D:9      | Reached skill level 1 in Throwing
  9489 | Orc:1    | Entered Level 1 of the Orcish Mines
  9489 | Orc:1    | Noticed an orc knight
  9506 | Orc:1    | Killed an orc knight
  9508 | Orc:1    | HP: 3/123 [orc warrior/scimitar[an orc knight] (14)]
  9518 | Orc:1    | Reached XP level 11. HP: 9/89 MP: 10/10
  9531 | Orc:1    | Reached skill level 1 in Stealth
  9874 | Orc:2    | Entered Level 2 of the Orcish Mines
  9875 | Orc:2    | Found a radiant altar of Vehumet.
 10225 | Orc:2    | Noticed an orc knight
 10253 | Orc:2    | Killed an orc knight
 10258 | Orc:2    | Slain by an orc warrior

Vault maps used:
D:1:      lightli_arrival_boilingwater
D:2:      kennysheep_generic_room_7
D:3:      grunt_ministairs_9
D:4:      kennysheep_orc_chapel, uniq_robin, uniq_crazy_yiuf_cottage
D:5:      first_bread, uniq_ijyb
D:6:      grunt_gozag_statues, uniq_duvessa, uniq_eustachio, uniq_pikel
D:7:      nicolae_overflow_crystal_walls, temple_hall, grunt_livestock,
          minivault_25, minmay_guarded_unrand_finisher
D:8:      marbit_many_paths, uniq_erica
D:9:      led_sif_pool, slow_altar_2, orc_0_dummy, hangedman_decor_peaks_small,
          uniq_psyche
Orc:1:    nicolae_orc_bridge_out
Orc:2:    pf_orc_diabolical, basic_altar, rock_pile

Skill      XL: |  1  2  3  4  5  6  7  8  9 10 11 |
---------------+----------------------------------+-----
Maces & Flails | 4 5 7 8 10 11 13 14 | 14.8
Fighting       | 4 5 6 |  6.4
Armour         | 3 4 5 7 10 12 | 12.7
Throwing       | 1 |  1.7
Stealth        | 1 |  1.1
Dodging        | |  2.4

Action                   |  1- 3 |  4- 6 |  7- 9 | 10-12 || total
-------------------------+-------+-------+-------+-------++-------
Melee: Mace              |    13 |    12 |    58 |    44 ||   127
       Whip              |    47 |    89 |   151 |    26 ||   313
       Headbutt          |     5 |    11 |    45 |    47 ||   108
       Flail             |       |       |       |   112 ||   112
       Morningstar       |       |       |       |    19 ||    19
Throw: Javelin           |       |       |       |    14 ||    14
Invok: Berserk           |       |     4 |     5 |     4 ||    13
       Trog's Hand       |       |     1 |       |     1 ||     2
       Burn Spellbooks   |       |       |     2 |     1 ||     3
       Brothers in Arms  |       |       |       |     2 ||     2
  Use: Scroll            |       |     1 |     8 |     2 ||    11
       Potion            |       |     1 |       |     6 ||     7
  Eat: Chunk             |     1 |     9 |    11 |     9 ||    30
       Royal jelly       |       |     1 |     2 |       ||     3
       Bread ration      |       |       |       |     1 ||     1
Armor: Animal skin       |     3 |       |       |       ||     3
       Leather armour    |    11 |    22 |       |       ||    33
       Ring mail         |       |     5 |    29 |    43 ||    77
       Skin              |       |       |       |    10 ||    10
       Scale mail        |       |       |       |     9 ||     9
Dodge: Dodged            |    42 |    64 |   101 |   125 ||   332

Table legend:
 A = Spawn XP
 B = Non-spawn XP
 C = Spawn XP percentage of total XP
 D = Spawn monster count
 E = Non-spawn monster count
 F = Spawn count percentage of total count
 G = Total turns spent on level
                    A         B        C        D         E        F      G
               +---------+---------+-------+---------+---------+-------+---------
         Total |       0 |   12901 |   0.0 |       0 |     212 |   0.0 | 10258
               +---------+---------+-------+---------+---------+-------+---------
           D:1 |       0 |      33 |   0.0 |       0 |      17 |   0.0 |   768
           D:2 |       0 |      78 |   0.0 |       0 |      22 |   0.0 |   640
           D:3 |       0 |      99 |   0.0 |       0 |      28 |   0.0 |  1004
           D:4 |       0 |     251 |   0.0 |       0 |      19 |   0.0 |  1414
           D:5 |       0 |    1172 |   0.0 |       0 |      29 |   0.0 |  1182
           D:6 |       0 |    1176 |   0.0 |       0 |      13 |   0.0 |   752
           D:7 |       0 |    2904 |   0.0 |       0 |      28 |   0.0 |  1720
           D:8 |       0 |    3570 |   0.0 |       0 |      17 |   0.0 |  1118
           D:9 |       0 |     928 |   0.0 |       0 |      14 |   0.0 |   891
         Orc:1 |       0 |    1692 |   0.0 |       0 |      14 |   0.0 |   393
         Orc:2 |       0 |     998 |   0.0 |       0 |      11 |   0.0 |   376
               +---------+---------+-------+---------+---------+-------+---------
